Map: Newkirk Precinct TE (Void)

Players

GuMiho - Winner!

  • Race: Terran Terran
  • Spawn Location: 7:00

ShoWTimE

  • Race: Protoss Protoss
  • Spawn Location: 5:00

Event: IEM XI Katowice - World Championship 2017

VOD

https://www.youtube.com/watch?v=UX_J-G8K6gI&t=1243s

Description

Time

  • Played on: March 3, 2017, 1:48 p.m.
  • Length: 20:58

All games in this series

Show
View Real Time Build Order
Export as new Build Order

GuMiho Terran - Winner!

Build Orders: Cyclone Opening, Reaper Expand, MMM Bio 

Get SALT Encoding   

  12  0:00  SCV  
  13  0:12  SCV  
  14  0:22  Supply Depot  
  14  0:24  SCV  
  15  0:32  Refinery  
  15  0:44  SCV  
  15  0:45  Barracks  
  16  0:56  SCV  
  17  1:08  SCV  
  18  1:20  SCV  
  19  1:32  Reaper, Orbital Command  
  20  1:45  Command Center  
  20  1:55  Factory  
  20  1:59  SCV  
  21  2:06  Refinery  
  21  2:09  Barracks Reactor  
  21  2:11  SCV  
  22  2:17  Supply Depot  
  22  2:23  SCV  
  23  2:38  SCV  
  23  2:40  Cyclone  
  27  2:47  Marine x2  
  27  2:50  SCV  
  30  2:57  Orbital Command  
  30  3:04  Marine  
  30  3:05  Marine  
  32  3:06  Starport  
  32  3:08  SCV  
  33  3:15  Factory Tech Lab  
  33  3:22  Marine x2  
  33  3:23  SCV  
  33  3:24  SCV  
  37  3:30  Supply Depot  
  37  3:35  SCV  
  37  3:36  SCV  
  41  3:48  SCV  
  40  3:51  Barracks  
  40  3:52  Factory Reactor, Barracks  
  40  3:55  SCV  
  40  3:59  Starport Reactor  
  40  4:00  SCV  
  40  4:01  Stimpack  
  41  4:05  Engineering Bay  
  41  4:07  SCV  
  41  4:09  Marine, Supply Depot  
  43  4:12  SCV  
  44  4:18  Supply Depot  
  44  4:19  SCV  
  45  4:24  SCV  
  45  4:27  Marine  
  47  4:31  SCV  
  47  4:35  Factory Reactor  
  47  4:37  Terran Infantry Weapons Level 1, SCV  
  49  4:40  Marine x2  
  49  4:42  Medivac  
  49  4:43  SCV, Medivac  
  56  4:47  Marine, Refinery  
  56  4:48  Marine  
  56  4:49  Marine  
  59  4:53  Supply Depot  
  59  4:54  SCV  
  59  4:58  Supply Depot, Marine  
  61  5:00  Marine  
  61  5:04  SCV  
  61  5:05  Marine x2  
  61  5:06  SCV  
  66  5:07  Marine  
  66  5:11  Supply Depot, Widow Mine  
  69  5:15  Widow Mine  
  69  5:17  Marine  
  69  5:18  Marine  
  69  5:19  SCV  
  73  5:27  Marine x3  
  76  5:30  Medivac x2  
  76  5:34  Supply Depot  
  80  5:37  Marine  
  80  5:38  Supply Depot, Marine  
  80  5:43  Liberator  
  80  5:45  Marine x2  
  80  5:47  SCV  
  80  5:48  SCV  
  84  5:55  Marine x2  
  86  5:57  Marine  
  86  5:58  Supply Depot  
  86  6:01  Combat Shields  
  86  6:02  SCV x2  
  92  6:04  Marine x2  
  94  6:16  Command Center  
  94  6:20  Marine x3  
  97  6:32  Marine x2  
  97  6:35  Widow Mine x2  
  97  6:37  Marine  
  97  6:38  Marine x2  
  106  6:43  Barracks x2  
  106  6:45  Terran Infantry Armor Level 1  
  99  6:50  Marine  
  95  6:56  Marine x3, Marauder  
  95  6:57  Medivac  
  95  6:59  Medivac  
  101  7:03  SCV x2  
  99  7:10  Widow Mine x2  
  99  7:14  Refinery  
  103  7:17  SCV x2  
  103  7:18  Marauder  
  107  7:23  Marine x2  
  107  7:24  Marine  
  107  7:26  Supply Depot, Marine  
  111  7:30  Missile Turret  
  111  7:31  Barracks Tech Lab  
  111  7:32  Barracks Reactor  
  111  7:37  Orbital Command  
  111  7:41  Marauder  
  111  7:45  SCV x2  
  103  7:54  Marine, Marauder  
  103  7:57  SCV x2  
  108  7:59  Medivac  
  108  8:00  Widow Mine, Medivac  
  108  8:01  Widow Mine  
  108  8:04  SCV  
  117  8:06  Missile Turret  
  117  8:09  SCV  
  117  8:11  Supply Depot  
  117  8:12  Supply Depot  
  117  8:14  SCV  
  117  8:16  SCV  
  117  8:17  Marine  
  117  8:18  Marauder  
  122  8:20  Bunker  
  122  8:21  Marine x2, SCV  
  122  8:22  Marine  
  122  8:24  Marine  
  122  8:27  Marauder  
  127  8:33  Liberator  
  123  8:37  Marine x2  
  123  8:39  Marauder  
  125  8:42  Marine x2  
  125  8:46  SCV x2  
  125  8:48  Marauder  
  130  8:53  Orbital Command  
  133  9:00  Liberator, Marauder  
  128  9:05  Marine  
  128  9:06  Marine  
  119  9:11  Marine x3  
  119  9:16  Liberator  
  116  9:22  Widow Mine x2  
  121  9:25  SCV  
  121  9:29  Marine x3  
  127  9:48  Marine x2, Marauder x2  
  128  9:57  Marine x2  
  128  9:58  Liberator, Marine x2  
  128  9:59  Liberator  
  128  10:00  SCV  
  128  10:01  SCV x2  
  128  10:02  Orbital Command  
  131  10:08  Marine x2  
  131  10:09  Marine, Marauder  
  136  10:15  Supply Depot  
  136  10:16  Widow Mine x2  
  146  10:22  Concussive Shells  
  146  10:24  Marine x2  
  146  10:27  Marauder  
  146  10:28  SCV x2  
  152  10:29  SCV  
  152  10:34  Supply Depot  
  153  10:37  Supply Depot  
  153  10:38  Marine x3, Marauder  
  154  10:47  Marine  
  154  10:48  Marine x2  
  154  10:49  Marauder  
  155  10:50  SCV  
  155  10:51  SCV  
  155  10:53  SCV  
  155  10:56  Marine  
  157  10:58  Marine x2  
  157  11:03  SCV  
  162  11:04  Liberator x2  
  147  11:16  Marine x2  
  147  11:17  Marine x2  
  147  11:18  Marine x2  
  130  11:19  Widow Mine  
  130  11:20  Widow Mine  
  130  11:23  SCV x3  
  140  11:26  Marauder x2  
  142  11:34  Marine x2  
  142  11:35  Marine x2, SCV  
  149  11:41  Armory  
  149  11:42  Engineering Bay  
  147  11:47  Marauder  
  147  11:48  Sensor Tower, Marauder  
  147  11:49  Widow Mine  
  147  11:50  Widow Mine  
  147  11:51  Starport  
  147  11:52  SCV  
  156  12:04  SCV  
  156  12:05  Refinery, SCV x2  
  156  12:06  Refinery  
  158  12:10  Barracks Tech Lab  
  158  12:14  Viking x2  
  162  12:18  Marauder x2  
  166  12:25  Supply Depot  
  166  12:34  Marauder  
  168  12:39  Marauder  
  168  12:41  Viking x2  
  168  12:44  Widow Mine x2  
  177  12:55  Viking x2  
  177  12:57  Terran Infantry Weapons Level 2  
  181  13:03  Terran Ship Weapons Level 1  
  180  13:19  Marauder  
  174  13:24  Viking x2  
  178  13:29  Viking x2  
  180  13:39  Marauder x2  
  184  13:47  Marine, Marauder  
  182  13:53  Marine  
  174  13:57  Marine x2  
  174  14:00  Marauder x2  
  173  14:04  Marine  
  173  14:08  Marauder  
  162  14:11  Marine  
  136  14:19  Orbital Command  
  136  14:21  Marauder x2  
  113  14:26  Marine  
  113  14:30  Marauder  
  98  14:41  Marine x2  
  98  14:43  Marauder  
  102  14:54  Marauder  
  102  14:58  Marine  
  105  15:01  Marauder, Orbital Command  
  105  15:06  Marauder  
  107  15:11  Liberator  
  105  15:17  Liberator, Marauder  
  105  15:18  Marine x2  
  105  15:19  Marine  
  105  15:21  Marine  
  106  15:23  Marauder  
  106  15:27  Marauder  
  112  15:33  Refinery  
  114  15:36  Marine  
  114  15:39  Marine, Marauder  
  118  15:43  SCV x3  
  118  15:49  Marine, Marauder x2  
  126  16:00  Marauder  
  128  16:06  Marine  
  128  16:10  Marauder, SCV  
  128  16:11  SCV  
  133  16:12  SCV  
  133  16:15  Marauder  
  133  16:17  Marine x2  
  138  16:22  Marauder  
  137  16:26  Marine  
  137  16:29  SCV x3  
  137  16:30  Marine  
  137  16:32  Marauder  
  144  16:35  Marine x2  
  144  16:37  Refinery  
  144  16:38  Refinery  
  148  16:40  Marauder  
  148  16:42  Marine  
  147  16:50  Terran Infantry Weapons Level 3  
  147  16:51  Marine x2  
  147  16:53  Marine x2  
  151  17:01  SCV x3  
  152  17:04  Marine, Marauder  
  152  17:05  Marine  
  157  17:09  Marine x2  
  155  17:17  Viking  
  155  17:18  Viking  
  155  17:20  Marine x2  
  160  17:23  Marine  
  160  17:24  Marauder  
  160  17:25  Marine  
  160  17:27  SCV  
  158  17:44  Marine, Marauder x2  
  155  17:52  Terran Infantry Armor Level 2  
  155  17:53  Viking  
  155  17:56  Marine x3  
  161  17:58  Marauder  
  161  18:02  Marine  
  162  18:06  Marauder  
  162  18:11  Marauder  
  165  18:13  Marine  
  165  18:14  Marine  
  142  18:33  Marine x2, Marauder  
  142  18:34  Marine x3, Marauder  
  31  20:00  Orbital Command  
Show
View Real Time Build Order
Export as new Build Order

ShoWTimE Protoss 

Build Orders: 1 Gate Expand, Phoenix Opening 

Get SALT Encoding   

  12  0:00  Probe (Chrono Boost)  
  13  0:11  Probe (Chrono Boost)  
  14  0:18  Pylon  
  14  0:22  Probe (Chrono Boost)  
  15  0:37  Gateway, Probe (Chrono Boost)  
  16  0:43  Assimilator  
  16  0:47  Probe (Chrono Boost)  
  17  0:58  Probe (Chrono Boost)  
  18  1:08  Probe (Chrono Boost)  
  19  1:21  Nexus  
  19  1:24  Probe (Chrono Boost)  
  20  1:34  Cybernetics Core  
  20  1:37  Probe (Chrono Boost)  
  21  1:44  Assimilator  
  21  1:48  Probe (Chrono Boost)  
  22  1:54  Pylon  
  22  1:58  Probe (Chrono Boost)  
  23  2:11  Adept  
  23  2:13  Mothership Core (Chrono Boost)  
  27  2:20  Warp Gate  
  27  2:33  Probe (Chrono Boost)  
  27  2:34  Probe (Chrono Boost)  
  27  2:36  Adept  
  32  2:45  Probe x2 (Chrono Boost)  
  33  2:53  Stargate  
  33  2:57  Probe (Chrono Boost)  
  34  2:59  Probe (Chrono Boost)  
  34  3:00  Pylon  
  35  3:09  Probe x2 (Chrono Boost)  
  38  3:20  Probe (Chrono Boost)  
  38  3:21  Probe (Chrono Boost)  
  39  3:28  Nexus  
  39  3:32  Pylon  
  39  3:33  Probe (Chrono Boost)  
  41  3:34  Probe (Chrono Boost)  
  41  3:40  Phoenix  
  41  3:44  Probe (Chrono Boost)  
  41  3:47  Probe (Chrono Boost)  
  45  3:57  Gateway x2  
  45  4:00  Probe x2 (Chrono Boost)  
  47  4:05  Phoenix  
  47  4:06  Pylon  
  49  4:12  Probe x2 (Chrono Boost)  
  51  4:17  Assimilator  
  51  4:19  Assimilator  
  51  4:23  Probe (Chrono Boost)  
  53  4:25  Adept, Probe (Chrono Boost)  
  53  4:31  Robotics Facility  
  55  4:33  Probe (Chrono Boost)  
  55  4:36  Phoenix  
  55  4:37  Probe (Chrono Boost)  
  57  4:41  Probe (Chrono Boost)  
  57  4:44  Probe (Chrono Boost)  
  61  4:49  Probe (Chrono Boost)  
  62  4:55  Twilight Council  
  62  4:56  Probe (Chrono Boost)  
  62  4:57  Probe (Chrono Boost), Forge  
  62  4:59  Phoenix  
  64  5:06  Probe (Chrono Boost)  
  67  5:12  Probe x2 (Chrono Boost)  
  67  5:14  Pylon  
  69  5:16  Protoss Ground Weapons Level 1  
  69  5:18  Probe (Chrono Boost)  
  69  5:19  Resonating Glaives, Observer  
  71  5:22  Probe (Chrono Boost)  
  71  5:23  Probe (Chrono Boost)  
  71  5:28  Gateway  
  73  5:29  Gateway  
  73  5:35  Probe x2 (Chrono Boost)  
  75  5:38  Phoenix  
  75  5:41  Pylon  
  77  5:48  Adept  
  77  5:49  Adept  
  81  5:51  Pylon, Adept  
  83  6:00  Pylon  
  83  6:02  Phoenix  
  85  6:04  Gateway  
  85  6:10  Adept x2  
  89  6:12  Adept  
  89  6:17  Gateway  
  89  6:18  Observer, Gateway  
  92  6:26  Adept x2  
  92  6:31  Phoenix  
  97  6:34  Pylon  
  97  6:36  Pylon  
  96  6:40  Adept x2  
  96  6:45  Adept  
  98  6:53  Probe (Chrono Boost)  
  88  6:54  Adept  
  88  6:55  Adept, Probe x2 (Chrono Boost)  
  88  7:03  Warp Prism  
  88  7:04  Probe (Chrono Boost)  
  88  7:07  Probe x2 (Chrono Boost)  
  93  7:11  Pylon  
  93  7:12  Phoenix  
  93  7:14  Probe (Chrono Boost)  
  96  7:18  Adept x2  
  100  7:25  Probe x3 (Chrono Boost)  
  100  7:29  Adept  
  105  7:31  Adept  
  109  7:37  Phoenix, Probe x2 (Chrono Boost)  
  107  7:57  Adept x7  
  120  8:03  Phoenix  
  122  8:11  Observer  
  121  8:23  Pylon  
  121  8:25  Pylon  
  119  8:41  Adept x3  
  119  8:42  Adept x3  
  119  8:45  Adept, Observer  
  132  8:52  Adept  
  124  9:04  Observer  
  124  9:09  Adept x4  
  133  9:11  Robotics Bay  
  133  9:12  Protoss Ground Armor Level 1  
  133  9:13  Probe (Chrono Boost)  
  133  9:14  Robotics Facility, Probe x2 (Chrono Boost)  
  136  9:18  Assimilator  
  136  9:22  Assimilator  
  136  9:23  Probe (Chrono Boost)  
  137  9:26  Probe x2 (Chrono Boost)  
  137  9:27  Adept  
  141  9:33  Pylon  
  141  9:35  Pylon x2  
  141  9:48  Probe (Chrono Boost)  
  141  9:49  Probe x2 (Chrono Boost)  
  141  9:50  Extended Thermal Lance  
  134  9:55  Colossus x2  
  134  9:59  Probe (Chrono Boost)  
  134  10:01  Probe (Chrono Boost)  
  146  10:07  Blink  
  146  10:12  Sentry  
  148  10:30  Stalker  
  148  10:33  Nexus  
  150  10:36  Pylon  
  150  10:44  Colossus x2  
  149  10:57  Stalker x2  
  149  11:04  Stalker x3  
  136  11:22  Protoss Ground Weapons Level 2  
  136  11:32  Sentry x2  
  140  11:36  Nexus  
  140  11:37  Colossus  
  146  11:43  Pylon  
  146  11:45  Pylon  
  146  11:51  Colossus  
  151  12:03  Pylon  
  151  12:04  Probe x2 (Chrono Boost), Photon Cannon  
  151  12:07  Pylon x2  
  153  12:12  Stalker  
  153  12:13  Stalker x3  
  161  12:20  Pylon  
  161  12:25  Forge  
  161  12:28  Probe x3 (Chrono Boost)  
  164  12:30  Stalker  
  164  12:36  Warp Prism  
  168  12:44  Sentry x2, Stalker  
  170  12:45  Observer  
  170  12:51  Probe x4 (Chrono Boost)  
  177  12:57  Stalker  
  179  13:02  Protoss Ground Armor Level 2  
  179  13:06  Pylon  
  168  13:24  Probe x2 (Chrono Boost)  
  168  13:25  Stalker x5  
  180  13:29  Disruptor  
  180  13:30  Colossus  
  185  13:47  Stalker x3  
  187  13:57  Stalker  
  187  13:58  Stalker x2  
  189  14:08  Stalker x2  
  189  14:16  Adept x3  
  163  14:22  Adept x2  
  127  14:31  Adept x3  
  95  14:42  Stalker  
  95  14:43  Stalker x3  
  97  14:49  Adept  
  97  14:51  Disruptor  
  102  14:56  Adept x3  
  108  15:06  Observer  
  108  15:07  Adept x4  
  117  15:17  Stalker x3  
  121  15:23  Adept  
  121  15:31  Colossus  
  121  15:34  Adept x2  
  131  15:40  Probe (Chrono Boost)  
  131  15:41  Assimilator, Colossus  
  132  15:45  Assimilator  
  138  15:51  Adept  
  138  15:52  Zealot, Adept  
  142  16:07  Adept x2  
  142  16:08  Adept x3  
  150  16:17  Adept x3  
  155  16:30  Adept x4, Photon Cannon  
  161  16:39  Disruptor  
  164  16:46  Dark Shrine  
  164  17:03  Adept  
  164  17:04  Nexus  
  166  17:10  Adept x3  
  167  17:18  Stalker x2  
  169  17:31  Stalker x2  
  169  17:38  Stalker  
  167  17:51  Nexus  
  167  17:55  Pylon  
  167  17:57  Sentry x3  
  173  18:08  Stalker x2  
  177  18:20  Adept x3  
  177  18:22  Adept  
  183  18:27  Dark Templar  
  183  18:30  Dark Templar  
  183  18:35  Mothership Core (Chrono Boost)  
  181  18:43  Dark Templar  
  161  19:01  Dark Templar x3  
  110  19:30  Probe (Chrono Boost)  
  102  20:49  Pylon  

Tags
 
Add a new tag
Caveats
  • Supply blocks, unpowered buildings, or Contaminate may cause inaccurate times.
  • Supply counts are checked every 10 seconds.